Blackhawks vs Maple Leafs (R1)

Created - 14 septembre 2014 at 20:57

Simulating a Pre-Season

Goals
1 2 3 T
Blackhawks 2 2 1 5
Maple Leafs 0 0 2 2
Shots
1 2 3 T
Blackhawks 19 11 6 36
Maple Leafs 6 10 14 30

1st period

1. Blackhawks , Rene Bourque 2 (Daniel Carcillo, Oleg Kvasha) at 2:30
2. Blackhawks , Robert Nilsson 2 (Kris Versteeg, George Parros) at 6:19

Penalties :
No Penalty

2nd period

3. Blackhawks , Dominic Moore 1 (Kris Versteeg, Oleg Kvasha) at 2:39 (PP)
4. Blackhawks , Kris Versteeg 5 (Johnny Oduya, Steve McCarthy) at 8:16

Penalties :
Kris Versteeg (Chi) for High sticking (Minor) at 0:22, Tobias Enstrom (Tor) for Tripping (Minor) at 0:49, Kris Versteeg (Chi) for Roughing (Minor) at 4:15, Brendan Morrison (Tor) for Fighting (Major) at 8:19, Steve McCarthy (Chi) for Fighting (Major) at 8:19, Byron Bitz (Tor) for Boarding (Minor) at 14:07, Steve Ott (Tor) for Tripping (Minor) at 18:42, Alex Goligoski (Tor) for Hooking (Minor) at 19:44

3rd period

5. Blackhawks , Robert Nilsson 3 (Steve McCarthy, Johnny Oduya) at 0:29 (PP)
6. Maple Leafs , Rob Schremp 3 (Colby Armstrong) at 2:54
7. Maple Leafs , Steve Ott 3 (Colby Armstrong, Rob Schremp) at 5:03

Penalties :
Loui Eriksson (Chi) for Boarding (Minor) at 9:57, Daniel Carcillo (Chi) for Hooking (Minor) at 15:31

Goalie Stats

Roberto Luongo (Chi), 28 saves from 30 shots - (0,933), W, 2-2-0, 60:00 minutes
Niklas Backstrom (Tor), 31 saves from 36 shots - (0,861), L, 1-1-0, 60:00 minutes

Players Stats for Blackhawks

Player Name              G  A  P  +/- PIM S  H  SB GA TA FO     MP     PP MP  PK MP  
------------------------------------------------------------------------------------
Brad Winchester          0  0  0   0  0   1  0  0  0  0  0/0    11:26   0:00   1:32 
Brent Burns              0  0  0  -2  0   0  1  0  1  2  0/0    19:59   1:56   2:38 
Chris Campoli            0  0  0   0  0   2  1  1  0  1  0/0    19:10   1:56   0:44 
Daniel Carcillo          0  1  1   1  2   2  0  1  0  0  0/0    13:06   0:00   0:33 
Dominic Moore            1  0  1   0  0   2  0  1  0  1  1/4    12:05   0:18   2:23 
George Parros            0  1  1   2  0   4  1  0  0  0  1/1    18:57   2:55   1:13 
Jamie Langenbrunner      0  0  0  -2  0   2  3  0  0  0  0/3    13:31   2:05   0:00 
Johnny Oduya             0  2  2   2  0   2  2  2  0  3  0/0    29:42   3:22   3:46 
Kris Versteeg            1  2  3   2  4   6  1  0  1  0  0/2    19:40   3:13   2:04 
Loui Eriksson            0  0  0  -2  2   0  2  0  0  0  0/0    13:53   2:05   0:00 
Oleg Kvasha              0  2  2   1  0   1  1  0  0  0  0/1    12:34   0:18   0:13 
Rene Bourque             1  0  1   1  0   3  3  2  0  0  1/1    13:10   0:00   0:00 
Robert Nilsson           2  0  2   2  0   6  3  1  1  0  17/32  21:54   2:55   3:37 
Scott Gomez              0  0  0  -2  0   2  4  0  0  0  4/9    15:14   2:05   1:13 
Stephane Robidas         0  0  0   0  0   0  1  0  1  0  0/0     8:46   0:00   0:41 
Steve Bernier            0  0  0   0  0   1  0  0  0  0  0/1     8:52   0:00   0:00 
Steve McCarthy           0  2  2   2  5   1  0  1  0  0  0/0    25:45   3:22   3:46 
Wes O'Neill              0  0  0   0  0   1  1  1  0  0  0/0    14:15   0:00   1:13 

Players Stats for Maple Leafs

Player Name              G  A  P  +/- PIM S  H  SB GA TA FO     MP     PP MP  PK MP  
------------------------------------------------------------------------------------
Alex Goligoski           0  0  0  -1  2   1  0  1  0  0  0/0    19:07   3:02   1:05 
Alexander Frolov         0  0  0   0  0   1  2  0  3  0  1/1    19:05   3:25   0:16 
Blake Comeau             0  0  0   0  0   0  0  0  0  0  0/0     7:36   0:00   0:00 
Braydon Coburn           0  0  0  -1  0   0  0  1  0  3  0/0    20:23   3:02   1:44 
Brendan Morrison         0  0  0   0  5   5  2  1  0  0  13/26  21:43   3:16   3:01 
Byron Bitz               0  0  0  -2  2   0  2  0  0  0  1/1    17:27   2:59   0:47 
Claude Giroux            0  0  0   0  0   2  0  1  2  0  5/6    21:41   3:25   3:45 
Colby Armstrong          0  2  2   1  0   3  3  0  0  0  0/2    15:56   0:09   0:00 
Dion Phaneuf             0  0  0   0  0   2  3  1  1  0  0/0    25:13   3:22   3:34 
Jamie McBain             0  0  0   0  0   2  3  1  0  0  0/0    11:44   0:00   0:38 
Jordan Staal             0  0  0  -2  0   1  1  1  0  0  5/10   18:56   2:59   1:17 
Justin Abdelkader        0  0  0   0  0   3  0  0  0  0  0/0     7:36   0:00   0:00 
Mathieu Carle            0  0  0   0  0   0  0  0  0  0  0/0     3:56   0:00   0:00 
Matt Pettinger           0  0  0  -2  0   0  2  0  0  0  0/0    16:19   2:59   0:00 
Noah Welch               0  0  0   0  0   1  0  1  0  0  0/0    12:28   0:00   0:18 
Rob Schremp              1  1  2   1  0   3  0  0  0  0  3/5    11:57   0:00   0:00 
Steve Ott                1  0  1   1  2   2  0  1  0  0  2/3    14:05   0:00   0:45 
Tobias Enstrom           0  0  0   0  2   4  1  0  1  1  0/0    27:08   3:21   3:16 

3 Stars

1 - Robert Nilsson (Chi)
2 - Johnny Oduya (Chi)
3 - Kris Versteeg (Chi)

Power Play

Blackhawks - 2 on 4 Attempt(s) - 50,00%
Maple Leafs - 0 on 4 Attempt(s) - 0,00%

Penalty Kill

Blackhawks - 4 on 4 Attempt(s) - 100,00% - Score 0 goal in Penalty Kill
Maple Leafs - 2 on 4 Attempt(s) - 50,00% - Score 0 goal in Penalty Kill

Official

Referees : Lee Chris and Ciamaga Chris
Linesman : Scott Cherrey and Lyle Seitz

Game Notes

Brendan Morrison and Steve McCarthy fight to a draw at 8:19 of 2nd period
Stephane Robidas is injured at 9:49 of 2nd period (Separated Right Shoulder)

Blackhawks

5 vs 5 Forward 
   Center                   Left Wing                Right Wing               Time % Phy DF OF 
 1 Robert Nilsson           Kris Versteeg            George Parros            40     1   2  2  
 2 Scott Gomez              Loui Eriksson            Jamie Langenbrunner      30     1   2  2  
 3 Oleg Kvasha              Daniel Carcillo          Rene Bourque             20     1   2  2  
 4 Dominic Moore            Brad Winchester          Steve Bernier            10     1   2  2  

5 vs 5 Defense 
   Defense                  Defense                                           Time % Phy DF OF 
 1 Johnny Oduya             Steve McCarthy                                    40     1   2  2  
 2 Brent Burns              Stephane Robidas                                  30     1   2  2  
 3 Chris Campoli            Wes O'Neill                                       20     1   2  2  
 4 Johnny Oduya             Steve McCarthy                                    10     1   2  2  

PowerPlay Forward 
   Center                   Left Wing                Right Wing               Time % Phy DF OF 
 1 Robert Nilsson           Kris Versteeg            George Parros            60     1   2  2  
 2 Scott Gomez              Loui Eriksson            Jamie Langenbrunner      40     1   2  2  

PowerPlay Defense
   Defense                  Defense                                           Time % Phy DF OF 
 1 Johnny Oduya             Steve McCarthy                                    60     1   2  2  
 2 Brent Burns              Stephane Robidas                                  40     1   2  2  

Penalty Kill 4 Players Forward 
   Center                   Wing                     Time % Phy DF OF 
 1 Robert Nilsson           Kris Versteeg            60     1   2  2  
 2 George Parros            Scott Gomez              40     1   2  2  

Penalty Kill 4 Players Defense
   Defense                  Defense                  Time % Phy DF OF 
 1 Johnny Oduya             Steve McCarthy           60     1   2  2  
 2 Brent Burns              Stephane Robidas         40     1   2  2  

Penalty Kill - 3 Players Forward 
   Forward                                           Time % Phy DF OF 
 1 Robert Nilsson                                    60     1   2  2  
 2 Kris Versteeg                                     40     1   2  2  

Penalty Kill - 3 Players Defense
   Defense                  Defense                  Time % Phy DF OF 
 1 Johnny Oduya             Steve McCarthy           60     1   2  2  
 2 Brent Burns              Stephane Robidas         40     1   2  2  

4 vs 4 Forward 
   Center                   Wing                     Time % Phy DF OF 
 1 Robert Nilsson           Kris Versteeg            60     1   2  2  
 2 George Parros            Scott Gomez              40     1   2  2  

4 vs 4 Defense
   Defense                  Defense                  Time % Phy DF OF 
 1 Johnny Oduya             Steve McCarthy           60     1   2  2  
 2 Brent Burns              Stephane Robidas         40     1   2  2  

Last Minutes Offensive
   Center                   Left Wing                Right Wing               Defense                  Defense                  
   Robert Nilsson           Kris Versteeg            George Parros            Johnny Oduya             Steve McCarthy           

Last Minutes Defensive
   Center                   Left Wing                Right Wing               Defense                  Defense                  
   Robert Nilsson           Kris Versteeg            George Parros            Johnny Oduya             Steve McCarthy           

Goaltenders
Starting : Roberto Luongo           
Backup : Jocelyn Thibault         

Extra Forwards
Normal : Rene Bourque, Oleg Kvasha, Dominic Moore - PP : Rene Bourque, Oleg Kvasha - PK : Dominic Moore
Extra Defensemen
Normal : Chris Campoli, Wes O'Neill, Brent Burns - PP : Chris Campoli - PK : Wes O'Neill, Brent Burns
Penalty Shots
Robert Nilsson, Kris Versteeg, George Parros, Scott Gomez, Jamie Langenbrunner

Maple Leafs

5 vs 5 Forward 
   Center                   Left Wing                Right Wing               Time % Phy DF OF 
 1 Brendan Morrison         Alexander Frolov         Claude Giroux            40     1   1  3  
 2 Jordan Staal             Matt Pettinger           Byron Bitz               30     1   2  2  
 3 Rob Schremp              Steve Ott                Colby Armstrong          20     1   2  2  
 4 Brendan Morrison         Justin Abdelkader        Blake Comeau             10     1   2  2  

5 vs 5 Defense 
   Defense                  Defense                                           Time % Phy DF OF 
 1 Dion Phaneuf             Tobias Enstrom                                    40     1   2  2  
 2 Alex Goligoski           Braydon Coburn                                    30     1   2  2  
 3 Noah Welch               Jamie McBain                                      20     1   2  2  
 4 Mathieu Carle            Tobias Enstrom                                    10     1   2  2  

PowerPlay Forward 
   Center                   Left Wing                Right Wing               Time % Phy DF OF 
 1 Brendan Morrison         Alexander Frolov         Claude Giroux            60     1   1  3  
 2 Jordan Staal             Matt Pettinger           Byron Bitz               40     1   1  3  

PowerPlay Defense
   Defense                  Defense                                           Time % Phy DF OF 
 1 Dion Phaneuf             Tobias Enstrom                                    60     1   1  3  
 2 Alex Goligoski           Braydon Coburn                                    40     1   1  3  

Penalty Kill 4 Players Forward 
   Center                   Wing                     Time % Phy DF OF 
 1 Brendan Morrison         Claude Giroux            60     1   2  2  
 2 Jordan Staal             Byron Bitz               40     1   2  2  

Penalty Kill 4 Players Defense
   Defense                  Defense                  Time % Phy DF OF 
 1 Dion Phaneuf             Tobias Enstrom           60     1   2  2  
 2 Alex Goligoski           Braydon Coburn           40     1   2  2  

Penalty Kill - 3 Players Forward 
   Forward                                           Time % Phy DF OF 
 1 Claude Giroux                                     60     1   2  2  
 2 Brendan Morrison                                  40     1   2  2  

Penalty Kill - 3 Players Defense
   Defense                  Defense                  Time % Phy DF OF 
 1 Dion Phaneuf             Tobias Enstrom           60     1   2  2  
 2 Alex Goligoski           Braydon Coburn           40     1   2  2  

4 vs 4 Forward 
   Center                   Wing                     Time % Phy DF OF 
 1 Brendan Morrison         Alexander Frolov         60     1   2  2  
 2 Jordan Staal             Byron Bitz               40     1   2  2  

4 vs 4 Defense
   Defense                  Defense                  Time % Phy DF OF 
 1 Dion Phaneuf             Tobias Enstrom           60     1   2  2  
 2 Alex Goligoski           Braydon Coburn           40     1   2  2  

Last Minutes Offensive
   Center                   Left Wing                Right Wing               Defense                  Defense                  
   Brendan Morrison         Alexander Frolov         Claude Giroux            Dion Phaneuf             Tobias Enstrom           

Last Minutes Defensive
   Center                   Left Wing                Right Wing               Defense                  Defense                  
   Jordan Staal             Alexander Frolov         Claude Giroux            Dion Phaneuf             Tobias Enstrom           

Goaltenders
Starting : Niklas Backstrom         
Backup : Marc-André Fleury        

Extra Forwards
Normal : Colby Armstrong, Jordan Staal, Steve Ott - PP : Colby Armstrong, Jordan Staal - PK : Steve Ott
Extra Defensemen
Normal : Noah Welch, Jamie McBain, Alex Goligoski - PP : Noah Welch - PK : Jamie McBain, Alex Goligoski
Penalty Shots
Claude Giroux, Jordan Staal, Alexander Frolov, Brendan Morrison, Byron Bitz

% Time on Ice - Blackhawks

Lines # - Real PCT - Wanted PCT - Time Play
Normal Forward
1 - 31% - 40% - 14:22
2 - 26% - 30% - 11:56
3 - 25% - 20% - 11:36
4 - 19% - 10% - 8:52
Normal Defense
1 - 39% - 40% - 18:26
2 - 35% - 30% - 16:14
3 - 21% - 20% - 9:39
4 - 5% - 10% - 2:27
PP Forward
1 - 61% - 60% - 3:13
2 - 39% - 40% - 2:05
PP Defense
1 - 64% - 60% - 3:22
2 - 36% - 40% - 1:56
PK Forward
1 - 81% - 60% - 5:11
2 - 19% - 40% - 1:13
PK Defense
1 - 59% - 60% - 3:46
2 - 41% - 40% - 2:38
PK3 Forward
1 - 0% - 60%
2 - 0% - 40%
PK3 Defense
1 - 0% - 60%
2 - 0% - 40%
44 Forward
1 - 100% - 60% - 1:32
2 - 0% - 40% - 0:00
44 Defense
1 - 55% - 60% - 0:51
2 - 45% - 40% - 0:41
Last Minute Offensive  - 0:00
Last Minute Defensive  - 0:00
Total
Forward - 60:00
Defense - 60:00

% Time on Ice - Maple Leafs

Lines # - Real PCT - Wanted PCT - Time Play
Normal Forward
1 - 31% - 40% - 14:31
2 - 29% - 30% - 13:21
3 - 24% - 20% - 11:18
4 - 16% - 10% - 7:36
Normal Defense
1 - 37% - 40% - 17:32
2 - 32% - 30% - 14:50
3 - 22% - 20% - 10:28
4 - 8% - 10% - 3:56
PP Forward
1 - 53% - 60% - 3:25
2 - 47% - 40% - 2:59
PP Defense
1 - 53% - 60% - 3:22
2 - 47% - 40% - 3:02
PK Forward
1 - 72% - 60% - 3:16
2 - 28% - 40% - 1:17
PK Defense
1 - 62% - 60% - 2:49
2 - 38% - 40% - 1:44
PK3 Forward
1 - 100% - 60% - 0:45
2 - 0% - 40% - 0:00
PK3 Defense
1 - 100% - 60% - 0:45
2 - 0% - 40% - 0:00
44 Forward
1 - 78% - 60% - 1:12
2 - 22% - 40% - 0:20
44 Defense
1 - 49% - 60% - 0:45
2 - 51% - 40% - 0:47
Last Minute Offensive  - 0:00
Last Minute Defensive  - 0:00
Total
Forward - 60:00
Defense - 60:00

Play by Play

1st period


0:01 of 1st period - Robert Nilsson wins face-off versus Brendan Morrison in neutral zone.
0:12 of 1st period - Johnny Oduya is hit by Alexander Frolov and loses puck.
0:27 of 1st period - Loui Eriksson is hit by Dion Phaneuf and loses puck.
0:45 of 1st period - Icing by Johnny Oduya.
0:46 of 1st period - Rene Bourque wins face-off versus Rob Schremp in Blackhawks zone.
0:46 of 1st period - Rene Bourque is hit by Jamie McBain.
1:00 of 1st period - Snap shot by Rob Schremp.
1:00 of 1st period - Deflect By Johnny Oduya.
1:00 of 1st period - Shot Misses the Net.
1:00 of 1st period - Puck is out of play.
1:01 of 1st period - Brendan Morrison wins face-off versus Steve Bernier in Blackhawks zone.
1:02 of 1st period - Snap shot by Justin Abdelkader.
1:02 of 1st period - Stopped by Roberto Luongo with a rebound.
1:26 of 1st period - Kris Versteeg is hit by Byron Bitz and loses puck.
1:33 of 1st period - Snap shot by Jordan Staal.
1:33 of 1st period - Shot Blocked by Robert Nilsson.
1:35 of 1st period - Slapshot by Alex Goligoski.
1:35 of 1st period - Deflect By Byron Bitz.
1:35 of 1st period - Shot Misses the Net.
1:35 of 1st period - Puck is out of play.
1:36 of 1st period - Brendan Morrison wins face-off versus Scott Gomez in Blackhawks zone.
2:04 of 1st period - Snap shot by Robert Nilsson.
2:04 of 1st period - Shot Misses the Net.
2:30 of 1st period - Snap shot by Rene Bourque.
2:30 of 1st period - Goal by Rene Bourque - Blackhawks : 1 - Maple Leafs : 0.
2:31 of 1st period - Robert Nilsson wins face-off versus Brendan Morrison in neutral zone.
2:42 of 1st period - George Parros is hit by Brendan Morrison and loses puck.
3:21 of 1st period - Slapshot by Dion Phaneuf.
3:21 of 1st period - Shot Misses the Net.
3:27 of 1st period - Wrist shot by Colby Armstrong.
3:27 of 1st period - Stopped by Roberto Luongo with a rebound.
3:29 of 1st period - Slapshot by Tobias Enstrom.
3:29 of 1st period - Stopped by Roberto Luongo without a rebound.
3:30 of 1st period - Robert Nilsson wins face-off versus Brendan Morrison in Blackhawks zone.
4:01 of 1st period - Jamie McBain is hit by Loui Eriksson and loses puck.
4:08 of 1st period - Snap shot by Jamie Langenbrunner.
4:08 of 1st period - Stopped by Niklas Backstrom with a rebound.
4:10 of 1st period - Wrist shot by Loui Eriksson.
4:10 of 1st period - Shot Misses the Net.
4:12 of 1st period - Slapshot by Chris Campoli.
4:12 of 1st period - Stopped by Niklas Backstrom without a rebound.
4:13 of 1st period - Dominic Moore wins face-off versus Rob Schremp in Maple Leafs zone.
4:16 of 1st period - Snap shot by Brad Winchester.
4:16 of 1st period - Stopped by Niklas Backstrom without a rebound.
4:17 of 1st period - Rob Schremp wins face-off versus Dominic Moore in Maple Leafs zone.
4:19 of 1st period - Icing by Colby Armstrong.
4:20 of 1st period - Steve Ott wins face-off versus Dominic Moore in Maple Leafs zone.
4:37 of 1st period - Brad Winchester is hit by Colby Armstrong and loses puck.
4:42 of 1st period - Snap shot by Rob Schremp.
4:42 of 1st period - Shot Misses the Net.
4:44 of 1st period - Wrist shot by Steve Ott.
4:44 of 1st period - Deflect By Rob Schremp.
4:44 of 1st period - Stopped by Roberto Luongo with a rebound.
4:46 of 1st period - Slapshot by Alex Goligoski.
4:46 of 1st period - Shot Blocked by Steve McCarthy.
4:48 of 1st period - Snap shot by Braydon Coburn.
4:48 of 1st period - Shot Blocked by Johnny Oduya.
4:50 of 1st period - Slapshot by Braydon Coburn.
4:50 of 1st period - Shot Misses the Net.
4:52 of 1st period - Slapshot by Braydon Coburn.
4:52 of 1st period - Deflect By Rob Schremp.
4:52 of 1st period - Stopped by Roberto Luongo with a rebound.
4:54 of 1st period - Snap shot by Colby Armstrong.
4:54 of 1st period - Shot Blocked by Johnny Oduya.
4:56 of 1st period - Wrist shot by Steve Ott.
4:56 of 1st period - Stopped by Roberto Luongo without a rebound.
4:57 of 1st period - Robert Nilsson wins face-off versus Brendan Morrison in Blackhawks zone.
5:19 of 1st period - Icing by Kris Versteeg.
5:20 of 1st period - Robert Nilsson wins face-off versus Jordan Staal in Blackhawks zone.
5:20 of 1st period - Robert Nilsson is hit by Matt Pettinger.
5:32 of 1st period - Snap shot by Jamie Langenbrunner.
5:32 of 1st period - Shot Misses the Net.
5:34 of 1st period - Snap shot by Jamie Langenbrunner.
5:34 of 1st period - Stopped by Niklas Backstrom with a rebound.
5:36 of 1st period - Snap shot by Jamie Langenbrunner.
5:36 of 1st period - Shot Misses the Net.
6:17 of 1st period - Snap shot by Kris Versteeg.
6:17 of 1st period - Stopped by Niklas Backstrom with a rebound.
6:19 of 1st period - Slapshot by Robert Nilsson.
6:19 of 1st period - Goal by Robert Nilsson - Blackhawks : 2 - Maple Leafs : 0.
6:20 of 1st period - Scott Gomez wins face-off versus Claude Giroux in neutral zone.
6:31 of 1st period - Wrist shot by Loui Eriksson.
6:31 of 1st period - Shot Misses the Net.
6:45 of 1st period - George Parros is hit by Byron Bitz and loses puck.
6:52 of 1st period - Snap shot by Robert Nilsson.
6:52 of 1st period - Shot Misses the Net.
6:54 of 1st period - Slapshot by Johnny Oduya.
6:54 of 1st period - Stopped by Niklas Backstrom with a rebound.
7:04 of 1st period - Wrist shot by Dominic Moore.
7:04 of 1st period - Shot Misses the Net.
8:17 of 1st period - Wrist shot by Daniel Carcillo.
8:17 of 1st period - Shot Blocked by Noah Welch.
8:21 of 1st period - Snap shot by Rene Bourque.
8:21 of 1st period - Stopped by Niklas Backstrom with a rebound.
8:23 of 1st period - Wrist shot by Daniel Carcillo.
8:23 of 1st period - Shot Misses the Net.
8:25 of 1st period - Wrist shot by Daniel Carcillo.
8:25 of 1st period - Stopped by Niklas Backstrom with a rebound.
8:27 of 1st period - Wrist shot by Rene Bourque.
8:27 of 1st period - Stopped by Niklas Backstrom with a rebound.
8:29 of 1st period - Slapshot by Steve McCarthy.
8:29 of 1st period - Shot Misses the Net.
8:31 of 1st period - Slapshot by Steve McCarthy.
8:31 of 1st period - Stopped by Niklas Backstrom with a rebound.
9:09 of 1st period - Snap shot by Daniel Carcillo.
9:09 of 1st period - Shot Misses the Net.
9:11 of 1st period - Wrist shot by Oleg Kvasha.
9:11 of 1st period - Stopped by Niklas Backstrom without a rebound.
9:12 of 1st period - Robert Nilsson wins face-off versus Brendan Morrison in Maple Leafs zone.
9:15 of 1st period - Snap shot by George Parros.
9:15 of 1st period - Shot Blocked by Claude Giroux.
9:17 of 1st period - Wrist shot by Kris Versteeg.
9:17 of 1st period - Shot Misses the Net.
9:19 of 1st period - Snap shot by Wes O'Neill.
9:19 of 1st period - Stopped by Niklas Backstrom with a rebound.
9:21 of 1st period - Slapshot by George Parros.
9:21 of 1st period - Deflect By Robert Nilsson.
9:21 of 1st period - Stopped by Niklas Backstrom with a rebound.
9:23 of 1st period - Snap shot by Chris Campoli.
9:23 of 1st period - Stopped by Niklas Backstrom without a rebound.
9:24 of 1st period - Brendan Morrison wins face-off versus Robert Nilsson in Maple Leafs zone.
10:14 of 1st period - Brendan Morrison is hit by Jamie Langenbrunner and loses puck.
10:33 of 1st period - Snap shot by Steve Bernier.
10:33 of 1st period - Stopped by Niklas Backstrom with a rebound.
13:11 of 1st period - Johnny Oduya is hit by Dion Phaneuf and loses puck.
13:28 of 1st period - Johnny Oduya is hit by Colby Armstrong and loses puck.
14:17 of 1st period - Dion Phaneuf is hit by Jamie Langenbrunner and loses puck.
15:42 of 1st period - Brendan Morrison is hit by Stephane Robidas and loses puck.
15:49 of 1st period - Tobias Enstrom is hit by Rene Bourque and loses puck.
16:25 of 1st period - Snap shot by George Parros.
16:25 of 1st period - Stopped by Niklas Backstrom with a rebound.
16:27 of 1st period - Wrist shot by Robert Nilsson.
16:27 of 1st period - Stopped by Niklas Backstrom with a rebound.
17:27 of 1st period - Braydon Coburn is hit by Kris Versteeg and loses puck.
17:38 of 1st period - Steve Bernier is hit by Colby Armstrong and loses puck.
17:56 of 1st period - Justin Abdelkader is hit by Scott Gomez and loses puck.
18:14 of 1st period - Colby Armstrong is hit by Robert Nilsson and loses puck.
18:59 of 1st period - Byron Bitz is hit by Robert Nilsson and loses puck.
19:26 of 1st period - Claude Giroux is hit by Scott Gomez and loses puck.
Goals for this period are 2 for Blackhawks vs 0 for Maple Leafs.
Shots for this period are 19 for Blackhawks vs 6 for Maple Leafs.

2nd period


0:01 of 2nd period - Robert Nilsson wins face-off versus Brendan Morrison in neutral zone.
0:04 of 2nd period - Wrist shot by Robert Nilsson.
0:04 of 2nd period - Shot Hit the Post.
0:06 of 2nd period - Slapshot by Steve McCarthy.
0:06 of 2nd period - Shot Blocked by Dion Phaneuf.
0:22 of 2nd period - Minor Penalty to Kris Versteeg for High sticking.
0:23 of 2nd period - Brendan Morrison wins face-off versus Robert Nilsson in Blackhawks zone.
0:49 of 2nd period - Minor Penalty to Tobias Enstrom for Tripping.
0:50 of 2nd period - Robert Nilsson wins face-off versus Brendan Morrison in Maple Leafs zone.
0:53 of 2nd period - Wrist shot by Rene Bourque.
0:53 of 2nd period - Shot Blocked by Brendan Morrison.
1:17 of 2nd period - Dion Phaneuf is hit by Oleg Kvasha and loses puck.
2:03 of 2nd period - Icing by Alex Goligoski.
2:04 of 2nd period - Robert Nilsson wins face-off versus Colby Armstrong in Maple Leafs zone.
2:07 of 2nd period - Slapshot by Rene Bourque.
2:07 of 2nd period - Shot Blocked by Alex Goligoski.
2:22 of 2nd period - Penalty to Kris Versteeg is over, Kris Versteeg is back on ice.
2:35 of 2nd period - Slapshot by Dominic Moore.
2:35 of 2nd period - Stopped by Niklas Backstrom with a rebound.
2:37 of 2nd period - Snap shot by Kris Versteeg.
2:37 of 2nd period - Stopped by Niklas Backstrom with a rebound.
2:39 of 2nd period - Wrist shot by Dominic Moore.
2:39 of 2nd period - Goal by Dominic Moore - Blackhawks : 3 - Maple Leafs : 0.
2:40 of 2nd period - Jordan Staal wins face-off versus Robert Nilsson in neutral zone.
3:05 of 2nd period - Jamie Langenbrunner is hit by Brendan Morrison and loses puck.
3:34 of 2nd period - Snap shot by Rob Schremp.
3:34 of 2nd period - Shot Blocked by Daniel Carcillo.
3:51 of 2nd period - Icing by Brendan Morrison.
3:52 of 2nd period - Robert Nilsson wins face-off versus Brendan Morrison in Maple Leafs zone.
3:53 of 2nd period - Snap shot by Kris Versteeg.
3:53 of 2nd period - Stopped by Niklas Backstrom without a rebound.
3:54 of 2nd period - Claude Giroux wins face-off versus Robert Nilsson in Maple Leafs zone.
4:09 of 2nd period - Wrist shot by Claude Giroux.
4:09 of 2nd period - Stopped by Roberto Luongo with a rebound.
4:15 of 2nd period - Minor Penalty to Kris Versteeg for Roughing.
4:16 of 2nd period - Brendan Morrison wins face-off versus Robert Nilsson in Blackhawks zone.
4:23 of 2nd period - Slapshot by Brendan Morrison.
4:23 of 2nd period - Deflect By Robert Nilsson.
4:23 of 2nd period - Stopped by Roberto Luongo with a rebound.
4:25 of 2nd period - Wrist shot by Brendan Morrison.
4:25 of 2nd period - Stopped by Roberto Luongo without a rebound.
4:26 of 2nd period - Brendan Morrison wins face-off versus Robert Nilsson in Blackhawks zone.
4:29 of 2nd period - Snap shot by Brendan Morrison.
4:29 of 2nd period - Stopped by Roberto Luongo with a rebound.
4:31 of 2nd period - Slapshot by Dion Phaneuf.
4:31 of 2nd period - Stopped by Roberto Luongo without a rebound.
4:32 of 2nd period - Robert Nilsson wins face-off versus Brendan Morrison in Blackhawks zone.
6:15 of 2nd period - Penalty to Kris Versteeg is over, Kris Versteeg is back on ice.
6:30 of 2nd period - Icing by Steve Ott.
6:31 of 2nd period - Rob Schremp wins face-off versus Scott Gomez in Maple Leafs zone.
6:31 of 2nd period - Rob Schremp is hit by Scott Gomez.
6:36 of 2nd period - Off-side.
6:37 of 2nd period - Brendan Morrison wins face-off versus Jamie Langenbrunner in neutral zone.
7:02 of 2nd period - George Parros is hit by Dion Phaneuf.
7:38 of 2nd period - Icing by Matt Pettinger.
7:39 of 2nd period - Brendan Morrison wins face-off versus Dominic Moore in Maple Leafs zone.
7:39 of 2nd period - Brendan Morrison is hit by Johnny Oduya.
8:06 of 2nd period - Snap shot by Robert Nilsson.
8:06 of 2nd period - Shot Misses the Net.
8:08 of 2nd period - Slapshot by George Parros.
8:08 of 2nd period - Stopped by Niklas Backstrom with a rebound.
8:10 of 2nd period - Wrist shot by Robert Nilsson.
8:10 of 2nd period - Shot Blocked by Jordan Staal.
8:12 of 2nd period - Wrist shot by George Parros.
8:12 of 2nd period - Shot Misses the Net.
8:14 of 2nd period - Slapshot by Steve McCarthy.
8:14 of 2nd period - Shot Blocked by Braydon Coburn.
8:16 of 2nd period - Slapshot by Johnny Oduya.
8:16 of 2nd period - Deflect By Kris Versteeg.
8:16 of 2nd period - Goal by Kris Versteeg - Blackhawks : 4 - Maple Leafs : 0.
8:17 of 2nd period - Brendan Morrison wins face-off versus Kris Versteeg in neutral zone.
8:19 of 2nd period - Brendan Morrison and Steve McCarthy fight to a draw.
8:19 of 2nd period - Penalty to Brendan Morrison for Fighting.
8:19 of 2nd period - Penalty to Steve McCarthy for Fighting.
8:20 of 2nd period - Robert Nilsson wins face-off versus Colby Armstrong in Blackhawks zone.
9:48 of 2nd period - Stephane Robidas is hit by Matt Pettinger.
9:49 of 2nd period - Stephane Robidas from Blackhawks is injured at 9:49 of 2nd period (Separated Right Shoulder).
9:50 of 2nd period - Alexander Frolov wins face-off versus Robert Nilsson in Blackhawks zone.
10:37 of 2nd period - Snap shot by Claude Giroux.
10:37 of 2nd period - Stopped by Roberto Luongo with a rebound.
10:51 of 2nd period - Snap shot by Steve Bernier.
10:51 of 2nd period - Shot Misses the Net.
11:37 of 2nd period - Wrist shot by Dominic Moore.
11:37 of 2nd period - Shot Misses the Net.
11:45 of 2nd period - Slapshot by Alexander Frolov.
11:45 of 2nd period - Shot Misses the Net.
11:47 of 2nd period - Snap shot by Alexander Frolov.
11:47 of 2nd period - Shot Misses the Net.
11:49 of 2nd period - Slapshot by Dion Phaneuf.
11:49 of 2nd period - Shot Blocked by Dominic Moore.
11:51 of 2nd period - Wrist shot by Claude Giroux.
11:51 of 2nd period - Shot Misses the Net.
12:03 of 2nd period - Wrist shot by Dominic Moore.
12:03 of 2nd period - Shot Misses the Net.
12:08 of 2nd period - Off-side.
12:09 of 2nd period - Jordan Staal wins face-off versus Robert Nilsson in neutral zone.
12:14 of 2nd period - Slapshot by Alex Goligoski.
12:14 of 2nd period - Stopped by Roberto Luongo without a rebound.
12:15 of 2nd period - George Parros wins face-off versus Jordan Staal in Blackhawks zone.
12:24 of 2nd period - Wrist shot by Kris Versteeg.
12:24 of 2nd period - Stopped by Niklas Backstrom with a rebound.
12:40 of 2nd period - Backhand shot by Scott Gomez.
12:40 of 2nd period - Stopped by Niklas Backstrom without a rebound.
12:41 of 2nd period - Scott Gomez wins face-off versus Steve Ott in Maple Leafs zone.
12:56 of 2nd period - Steve Ott is hit by Johnny Oduya and loses puck.
13:07 of 2nd period - Noah Welch is hit by Rene Bourque and loses puck.
13:18 of 2nd period - Snap shot by Blake Comeau.
13:18 of 2nd period - Shot Misses the Net.
13:22 of 2nd period - Snap shot by Alex Goligoski.
13:22 of 2nd period - Shot Blocked by Chris Campoli.
13:24 of 2nd period - Snap shot by Justin Abdelkader.
13:24 of 2nd period - Deflect By Chris Campoli.
13:24 of 2nd period - Stopped by Roberto Luongo with a rebound.
13:26 of 2nd period - Slapshot by Alex Goligoski.
13:26 of 2nd period - Shot Misses the Net.
13:28 of 2nd period - Snap shot by Steve Ott.
13:28 of 2nd period - Shot Hit the Post.
13:30 of 2nd period - Snap shot by Justin Abdelkader.
13:30 of 2nd period - Shot Misses the Net.
13:32 of 2nd period - Snap shot by Blake Comeau.
13:32 of 2nd period - Shot Misses the Net.
13:34 of 2nd period - Slapshot by Blake Comeau.
13:34 of 2nd period - Shot Misses the Net.
13:36 of 2nd period - Wrist shot by Justin Abdelkader.
13:36 of 2nd period - Shot Blocked by Rene Bourque.
13:38 of 2nd period - Slapshot by Noah Welch.
13:38 of 2nd period - Stopped by Roberto Luongo with a rebound.
13:40 of 2nd period - Wrist shot by Justin Abdelkader.
13:40 of 2nd period - Stopped by Roberto Luongo without a rebound.
13:41 of 2nd period - Robert Nilsson wins face-off versus Jordan Staal in Blackhawks zone.
13:56 of 2nd period - Wrist shot by Robert Nilsson.
13:56 of 2nd period - Stopped by Niklas Backstrom without a rebound.
13:57 of 2nd period - Scott Gomez wins face-off versus Jordan Staal in Maple Leafs zone.
14:07 of 2nd period - Minor Penalty to Byron Bitz for Boarding.
14:08 of 2nd period - Brendan Morrison wins face-off versus Robert Nilsson in Maple Leafs zone.
14:24 of 2nd period - Snap shot by George Parros.
14:24 of 2nd period - Stopped by Niklas Backstrom with a rebound.
15:03 of 2nd period - Off-side.
15:04 of 2nd period - Steve Ott wins face-off versus Robert Nilsson in neutral zone.
15:07 of 2nd period - Snap shot by Alexander Frolov.
15:07 of 2nd period - Shot Misses the Net.
16:07 of 2nd period - Penalty to Byron Bitz is over, Byron Bitz is back on ice.
16:33 of 2nd period - Wrist shot by Dominic Moore.
16:33 of 2nd period - Shot Misses the Net.
16:35 of 2nd period - Snap shot by Brad Winchester.
16:35 of 2nd period - Shot Misses the Net.
16:37 of 2nd period - Snap shot by Brad Winchester.
16:37 of 2nd period - Shot Blocked by Steve Ott.
16:51 of 2nd period - Jamie McBain is hit by Brent Burns and loses puck.
17:23 of 2nd period - Claude Giroux is hit by Jamie Langenbrunner and loses puck.
18:27 of 2nd period - Jamie McBain is hit by Scott Gomez and loses puck.
18:32 of 2nd period - Wrist shot by Scott Gomez.
18:32 of 2nd period - Shot Misses the Net.
18:34 of 2nd period - Snap shot by Loui Eriksson.
18:34 of 2nd period - Shot Misses the Net.
18:36 of 2nd period - Wrist shot by Jamie Langenbrunner.
18:36 of 2nd period - Shot Blocked by Jamie McBain.
18:42 of 2nd period - Minor Penalty to Steve Ott for Tripping.
18:43 of 2nd period - Brendan Morrison wins face-off versus Robert Nilsson in Maple Leafs zone.
19:44 of 2nd period - Minor Penalty to Alex Goligoski for Hooking.
19:45 of 2nd period - Claude Giroux wins face-off versus Jamie Langenbrunner in Maple Leafs zone.
19:52 of 2nd period - Backhand shot by Steve McCarthy.
19:52 of 2nd period - Deflect By Scott Gomez.
19:52 of 2nd period - Stopped by Niklas Backstrom without a rebound.
19:53 of 2nd period - Claude Giroux wins face-off versus Scott Gomez in Maple Leafs zone.
Goals for this period are 2 for Blackhawks vs 0 for Maple Leafs.
Shots for this period are 11 for Blackhawks vs 10 for Maple Leafs.

3rd period


0:01 of 3rd period - Claude Giroux wins face-off versus Robert Nilsson in neutral zone.
0:04 of 3rd period - Slapshot by Dion Phaneuf.
0:04 of 3rd period - Stopped by Roberto Luongo with a rebound.
0:12 of 3rd period - Wrist shot by Johnny Oduya.
0:12 of 3rd period - Stopped by Niklas Backstrom without a rebound.
0:13 of 3rd period - Claude Giroux wins face-off versus Kris Versteeg in Maple Leafs zone.
0:27 of 3rd period - Snap shot by Robert Nilsson.
0:27 of 3rd period - Shot Misses the Net.
0:29 of 3rd period - Snap shot by Robert Nilsson.
0:29 of 3rd period - Goal by Robert Nilsson - Blackhawks : 5 - Maple Leafs : 0.
0:30 of 3rd period - Robert Nilsson wins face-off versus Brendan Morrison in neutral zone.
1:44 of 3rd period - Penalty to Alex Goligoski is over, Alex Goligoski is back on ice.
2:14 of 3rd period - Slapshot by Jamie McBain.
2:14 of 3rd period - Stopped by Roberto Luongo with a rebound.
2:54 of 3rd period - Snap shot by Rob Schremp.
2:54 of 3rd period - Goal by Rob Schremp - Blackhawks : 5 - Maple Leafs : 1.
2:55 of 3rd period - Brendan Morrison wins face-off versus Robert Nilsson in neutral zone.
3:08 of 3rd period - Snap shot by Robert Nilsson.
3:08 of 3rd period - Stopped by Niklas Backstrom with a rebound.
3:20 of 3rd period - Loui Eriksson is hit by Tobias Enstrom and loses puck.
3:27 of 3rd period - Dion Phaneuf is hit by Wes O'Neill and loses puck.
3:55 of 3rd period - Slapshot by Colby Armstrong.
3:55 of 3rd period - Stopped by Roberto Luongo with a rebound.
4:11 of 3rd period - Slapshot by Robert Nilsson.
4:11 of 3rd period - Deflect By George Parros.
4:11 of 3rd period - Shot Misses the Net.
4:11 of 3rd period - Puck is out of play.
4:12 of 3rd period - Robert Nilsson wins face-off versus Jordan Staal in Maple Leafs zone.
5:01 of 3rd period - Slapshot by Colby Armstrong.
5:01 of 3rd period - Shot Misses the Net.
5:03 of 3rd period - Wrist shot by Steve Ott.
5:03 of 3rd period - Goal by Steve Ott - Blackhawks : 5 - Maple Leafs : 2.
5:04 of 3rd period - Robert Nilsson wins face-off versus Brendan Morrison in neutral zone.
5:15 of 3rd period - Snap shot by Brendan Morrison.
5:15 of 3rd period - Shot Misses the Net.
5:17 of 3rd period - Slapshot by Brendan Morrison.
5:17 of 3rd period - Stopped by Roberto Luongo with a rebound.
5:19 of 3rd period - Slapshot by Tobias Enstrom.
5:19 of 3rd period - Stopped by Roberto Luongo without a rebound.
5:20 of 3rd period - Jordan Staal wins face-off versus Scott Gomez in Blackhawks zone.
5:27 of 3rd period - Wrist shot by Jordan Staal.
5:27 of 3rd period - Stopped by Roberto Luongo with a rebound.
5:29 of 3rd period - Snap shot by Jordan Staal.
5:29 of 3rd period - Shot Misses the Net.
5:41 of 3rd period - Steve McCarthy is hit by Jordan Staal and loses puck.
8:34 of 3rd period - Loui Eriksson is hit by Alexander Frolov and loses puck.
8:53 of 3rd period - Brendan Morrison is hit by Rene Bourque.
9:10 of 3rd period - Brendan Morrison is hit by Loui Eriksson and loses puck.
9:34 of 3rd period - Slapshot by Tobias Enstrom.
9:34 of 3rd period - Stopped by Roberto Luongo with a rebound.
9:57 of 3rd period - Minor Penalty to Loui Eriksson for Boarding.
9:58 of 3rd period - Byron Bitz wins face-off versus Robert Nilsson in Blackhawks zone.
10:11 of 3rd period - Snap shot by Tobias Enstrom.
10:11 of 3rd period - Stopped by Roberto Luongo with a rebound.
11:57 of 3rd period - Penalty to Loui Eriksson is over, Loui Eriksson is back on ice.
12:05 of 3rd period - Johnny Oduya is hit by Jamie McBain.
13:04 of 3rd period - Icing by Byron Bitz.
13:05 of 3rd period - Scott Gomez wins face-off versus Brendan Morrison in Maple Leafs zone.
13:12 of 3rd period - Wrist shot by Scott Gomez.
13:12 of 3rd period - Shot Misses the Net.
13:32 of 3rd period - Wrist shot by Colby Armstrong.
13:32 of 3rd period - Shot Blocked by Wes O'Neill.
13:36 of 3rd period - Snap shot by Colby Armstrong.
13:36 of 3rd period - Stopped by Roberto Luongo without a rebound.
13:37 of 3rd period - Jordan Staal wins face-off versus Oleg Kvasha in Blackhawks zone.
14:04 of 3rd period - Snap shot by Alexander Frolov.
14:04 of 3rd period - Stopped by Roberto Luongo with a rebound.
14:06 of 3rd period - Slapshot by Noah Welch.
14:06 of 3rd period - Shot Blocked by Rene Bourque.
14:08 of 3rd period - Wrist shot by Brendan Morrison.
14:08 of 3rd period - Stopped by Roberto Luongo with a rebound.
14:10 of 3rd period - Slapshot by Jamie McBain.
14:10 of 3rd period - Deflect By Daniel Carcillo.
14:10 of 3rd period - Stopped by Roberto Luongo with a rebound.
14:26 of 3rd period - Wrist shot by Kris Versteeg.
14:26 of 3rd period - Stopped by Niklas Backstrom without a rebound.
14:27 of 3rd period - Jordan Staal wins face-off versus Robert Nilsson in Maple Leafs zone.
14:27 of 3rd period - Jordan Staal is hit by Robert Nilsson.
14:41 of 3rd period - Wrist shot by George Parros.
14:41 of 3rd period - Stopped by Niklas Backstrom without a rebound.
14:42 of 3rd period - Brendan Morrison wins face-off versus Jamie Langenbrunner in Maple Leafs zone.
15:31 of 3rd period - Minor Penalty to Daniel Carcillo for Hooking.
15:32 of 3rd period - Robert Nilsson wins face-off versus Brendan Morrison in Blackhawks zone.
16:27 of 3rd period - Claude Giroux is hit by George Parros and loses puck.
17:31 of 3rd period - Penalty to Daniel Carcillo is over, Daniel Carcillo is back on ice.
17:49 of 3rd period - Snap shot by Daniel Carcillo.
17:49 of 3rd period - Stopped by Niklas Backstrom without a rebound.
17:50 of 3rd period - Rob Schremp wins face-off versus Scott Gomez in Maple Leafs zone.
17:50 of 3rd period - Rob Schremp is hit by Chris Campoli.
19:50 of 3rd period - Johnny Oduya is hit by Jamie McBain and loses puck.
Goals for this period are 1 for Blackhawks vs 2 for Maple Leafs.
Shots for this period are 6 for Blackhawks vs 14 for Maple Leafs.


Output by the SimonT Hockey Simulator (STHS) for François Prévost -- Original Page W3C XHTML 1.0 Valid
Hockey Simulator - Hockey Simulation - Hockey Manager